 Dungeon Crawl Stone Soup version 0.27-a0-1123-g2f9bb313c0 (webtiles) character file.

Game seed: 16388146325826893791

149 Zeld the Skirmisher (level 5, -6/37 HPs)
             Began as an Octopode Fighter on May 3, 2021.
             Mangled by a hornet (15 damage)
             ... on level 3 of the Dungeon.
             The game lasted 00:02:10 (2875 turns).

Zeld the Skirmisher (Octopode Fighter)              Turns: 2875, Time: 00:02:10

Health: -6/37      AC:  1    Str: 17    XL:     5   Next: 31%
Magic:  5/5        EV: 11    Int: 10    God:
Gold:   89         SH:  9    Dex: 11    Spells: 4/4 levels left

rFire    . . .     SeeInvis .   a - +0 war axe
rCold    . . .     Faith    .   b - +0 kite shield
rNeg     . . .     Spirit   .   (helmet restricted)
rPois    .         Reflect  .   (no amulet)
rElec    .         Harm     .   (no ring)
rCorr    .         Rampage  .   (no ring)
Will     .....                  (no ring)
Stlth    ++........             (no ring)
HPRegen  0.12/turn              (no ring)
MPRegen  0.09/turn              (no ring)
                                (no ring)
                                (no ring)

@: mighty, lethally poisoned (-6 -> -17), slowed, very slow
A: almost no armour, amphibious, 8 rings, camouflage 1, gelatinous body 1,
(nimble swimmer 1), tentacles
a: no special abilities


You were on level 3 of the Dungeon.
You visited 1 branch of the dungeon, and saw 3 of its levels.

You collected 89 gold pieces.

Inventory:

Hand Weapons
 a - a +0 war axe (weapon)
Armour
 b - a +0 kite shield (worn)
Scrolls
 d - 2 scrolls of enchant armour {unknown}
 e - 2 scrolls of enchant weapon {unknown}
 f - a scroll of fog {unknown}
 h - a scroll of holy word {unknown}
 i - 2 scrolls of identify {unknown}
 j - 3 scrolls of amnesia {unknown}
 m - a scroll of teleportation {unknown}
Potions
 c - a potion of might
 g - a potion of lignification {unknown}
 k - a potion of haste {unknown}
 l - a potion of heal wounds {unknown}


   Skills:
 * Level 4.2 Fighting
 * Level 3.4 Axes
 - Level 3.0 Dodging
 * Level 4.1 Shields


You had 4 spell levels left.
You didn't know any spells.
Your spell library contained the following spells:

 Spells                   Type           Power      Damage    Failure   Level
 Corona                   Hex            0%         N/A       83%         1
 Summon Small Mammal      Summ           0%         N/A       83%         1
 Call Imp                 Summ           0%         N/A       93%         2
 Ensorcelled Hibernation  Hex/Ice        0%         N/A       93%         2
 Call Canine Familiar     Summ           0%         N/A       99%         3
 Confusing Touch          Hex            0%         N/A       99%         3
 Dazzling Flash           Conj/Hex       0%         N/A       99%         3
 Summon Guardian Golem    Hex/Summ       0%         N/A       99%         3
 Tukima's Dance           Hex            0%         N/A       99%         3
 Summon Ice Beast         Ice/Summ       0%         N/A       100%        4
 Summon Lightning Spire   Summ/Air       0%         N/A       100%        4


Dungeon Overview and Level Annotations

Branches:
Dungeon (3/15)

Altars:


Innate Abilities, Weirdness & Mutations

You cannot wear most types of armour.
You are amphibious.
You can wear up to eight rings at the same time.
Your skin changes colour to match your surroundings (Stealth+).
Your rubbery body absorbs attacks. (AC +1, EV +1)
((You are camouflaged near water. (Stealth+)))
You have tentacles for arms and can constrict up to eight enemies at once.


Message History

You see here an adder corpse.
You open the door.
A dart slug comes into view.
Found a stone staircase leading up.
A dart slug is nearby!
A jelly comes into view.
There is an open door here.
A hornet comes into view.
There is an open door here.
The jelly quivers.
You hit the dart slug. You grab the dart slug. You squeeze the dart slug.
The dart slug is moderately wounded.
You constrict the dart slug. The dart slug bites you.
You slash the dart slug!
You kill the dart slug!
The jelly closely misses you.
You slash the jelly!
Your tentacles burn!
The jelly is heavily wounded.
You block the jelly's attack.
You slash the jelly!
You kill the jelly!
No target in view!
You start resting.
HP restored.
You start waiting.
A hornet is nearby!
A hornet is nearby!
You feel very mighty all of a sudden.
You see here a dart slug corpse.
The hornet buzzes angrily.
You slash the hornet! You grab the hornet. You squeeze the hornet.
The hornet is moderately wounded.
You constrict the hornet, but do no damage.
The hornet stings you!
You are poisoned.
You feel yourself slow down. The hornet stings you!
* * * LOW HITPOINT WARNING * * *
You feel as though you will be slow longer.
The hornet stings you!
You die...

## ##.###.##. #.. #.#
#.... .. #.# ####. ..
##+## ## #. ##...## #.#
##.....## #..##
##.......##
#####...####.........###
......y@.†.'......†..'..
#####<..####.........###
#..## ##.......## ....
##.....## ###.# ##...##
.. ##'## .## #.# #.
#.#####.######
#...........#


You could see a hornet.

Vanquished Creatures
  A jelly (D:3)
  Natasha (D:3)
  3 adders
  3 worms
  4 dart slugs
  An orc (D:3)
  2 endoplasms
  A giant cockroach (D:2)
  5 goblins
  3 hobgoblins
  11 jackals (D:1)
  A quokka (D:2)
  2 ball pythons
  3 bats
  3 frilled lizards
  4 kobolds
  A rat (D:2)
49 creatures vanquished.

Notes
Turn   | Place    | Note
-------+----------+-------------------------------------------
     0 | D:1      | Zeld the Octopode Fighter began the quest for the Orb.
     0 | D:1      | Reached XP level 1. HP: 16/16 MP: 1/1
   393 | D:1      | Reached XP level 2. HP: 21/21 MP: 2/2
   558 | D:1      | Found a faded altar of an unknown god.
   942 | D:1      | Reached XP level 3. HP: 16/26 MP: 3/3
  2097 | D:2      | Reached XP level 4. HP: 29/33 MP: 4/4
  2517 | D:3      | Noticed Natasha
  2522 | D:3      | Killed Natasha
  2785 | D:3      | Reached XP level 5. HP: 37/37 MP: 5/5
  2813 | D:3      | Noticed a hornet
  2875 | D:3      | Mangled by a hornet

Illustrated notes

Levels and vault maps discovered:
D:1:      roderic_crossed_star, layout_loops_corners,
          ebering_ecumenical_altar_mist, hex_large
D:2:      layout_loops_ring, kennysheep_generic_room_9
D:3:      layout_loops_corners, uniq_natasha

Skill      XL: |  1  2  3  4 |
---------------+-------------+-----
Axes           | 3 |  3.4
Fighting       | 4 |  4.2
Shields        | 4 |  4.1
Dodging        | |  3.0

Action                   |  1- 3 |  4- 6 || total
-------------------------+-------+-------++-------
Melee: War axe           |    60 |    31 ||    91
       Constrict         |    23 |     9 ||    32
       Tentacles         |     9 |     7 ||    16
  Use: Potion            |       |     1 ||     1
 Stab: Sleeping          |     8 |     2 ||    10
Armor: Skin              |     5 |     2 ||     7
Dodge: Dodged            |    26 |    12 ||    38
Block: Kite shield       |    29 |    12 ||    41

Table legend: (Time is in decaauts)
 A = Elapsed time spent in this place.
 B = Non-inter-level travel time spent in this place.
 C = Inter-level travel time spent in this place.
 D = Time resting spent in this place.
 E = Time spent auto-exploring this place.
 F = Levels seen in this place.
 G = Mean time per level.
                   A        B        C        D        E       F      G
               +--------+--------+--------+--------+--------+-----+--------+
         Total |   2929 |   2878 |     51 |     42 |   2472 |   3 |  976.3 |
       Dungeon |   2929 |   2878 |     51 |     42 |   2472 |   3 |  976.3 |
               +--------+--------+--------+--------+--------+-----+--------+

Top non-repeatable levels by time:
     D:1: 1391 daAuts
     D:2: 997 daAuts
     D:3: 540 daAuts
